EL
TENNESSEE SMOKIES @ MISSISSIPPI BRAVES
09/04/2044
 
TOP OF THE 1ST
Tennessee Smokies batting - Pitching for Mississippi Braves : LHP Pete McAllister
Pitching: LHP Pete McAllister
Batting: LHB Brent Dutcher 0-0: Ball
1-0: Fly out, F7 (Flyball, 78D, EV 104.4 MPH)
Batting: RHB Adam Kelliher 0-0: Called Strike
0-1: Fly out, F4 (Flyball, 3D, EV 82.5 MPH)
Batting: RHB Heitaro Tanaka 0-0: Called Strike
0-1: Ball
1-1: Ball
2-1: Ball
3-1: Foul Ball, location: 2F
3-2: Ground out 1-3 (Groundball, 34S, EV 68.1 MPH)
Top of the 1st over - 0 runs, 0 hits, 0 errors, 0 left on base; Tennessee 0 - Mississippi 0
BOTTOM OF THE 1ST
Mississippi Braves batting - Pitching for Tennessee Smokies : RHP Michele Montella
Pitching: RHP Michele Montella
Batting: RHB Tim Nettles 0-0: Ball
1-0: Called Strike
1-1: Foul Ball, location: 2F
1-2: Foul Ball, location: 2F
1-2: Ball
2-2: Ball
3-2: Strikes out looking
Batting: LHB Davey Schonewille 0-0: Called Strike
0-1: Foul Ball, location: 2F
0-2: Ball
1-2: Ball
2-2: SINGLE (Flyball, 78S, EV 93.8 MPH)
Batting: RHB Jack Power 0-0: Ball
Davey Schonewille steals 2nd base
1-0: SINGLE (Line Drive, 4D, EV 95.6 MPH)
Davey Schonewille to third
Runner from 3rd tries for Home, SAFE, throw by CF to home
Jack Power to second
Batting: LHB Robby Dann 0-0: Ball
1-0: Foul Ball, location: 2F
1-1: Ball
2-1: Foul Ball, location: 2F
2-2: SINGLE (Groundball, 34S, EV 67.5 MPH) (infield hit)
Jack Power to third
Batting: RHB Zachary Sidney 0-0: Ball
Robby Dann steals 2nd base
1-0: Ball
2-0: Ball
3-0: Called Strike
3-1: Foul Ball, location: 2F
3-2: Strikes out swinging
Batting: LHB Raul Guarjardo 0-0: Swinging Strike
0-1: Ball
1-1: Foul Ball, location: 2F
1-2: Ball
2-2: Strikes out swinging
Bottom of the 1st over - 1 run, 3 hits, 0 errors, 2 left on base; Tennessee 0 - Mississippi 1
TOP OF THE 2ND
Tennessee Smokies batting - Pitching for Mississippi Braves : LHP Pete McAllister
Batting: RHB Bobby Gray 0-0: Called Strike
0-1: Ball
1-1: DOUBLE (Flyball, 89XD, EV 92.5 MPH)
Batting: LHB Brian Newton 0-0: Called Strike
0-1: Ball
1-1: Ball
2-1: Foul Ball, location: 2F
2-2: Strikes out looking
Batting: RHB Heef Harted 0-0: Swinging Strike
0-1: Ball
1-1: Swinging Strike
1-2: Ball
2-2: Strikes out swinging
Batting: RHB Brian Warren 0-0: Ball
1-0: Ball
2-0: Called Strike
2-1: Ball
3-1: Ground out 5-3 (Groundball, 56S, EV 71.9 MPH)
Top of the 2nd over - 0 runs, 1 hit, 0 errors, 1 left on base; Tennessee 0 - Mississippi 1
BOTTOM OF THE 2ND
Mississippi Braves batting - Pitching for Tennessee Smokies : RHP Michele Montella
Batting: RHB Yorkis Saiki 0-0: Ground out 6-3 (Groundball, 6, EV 109.4 MPH)
Batting: RHB Angel Guzman 0-0: Foul Ball, location: 2F
0-1: Foul Ball, location: 2F
0-2: Ball
1-2: Foul Ball, location: 2F
1-2: Ball
2-2: SINGLE (Groundball, 6S, EV 70.6 MPH) (infield hit)
Batting: RHB Bobby Lavole 0-0: Ball
Angel Guzman steals 2nd base
1-0: Foul Ball, location: 2F
1-1: Swinging Strike
1-2: Ground out U3 (Groundball, 3, EV 102.5 MPH)
Angel Guzman to third
Batting: RHB Tim Nettles 0-0: Ball
1-0: TRIPLE (Flyball, 89XD, EV 101.9 MPH)
Angel Guzman scores
Batting: LHB Davey Schonewille 0-0: Ground out 4-3 (Groundball, 34D, EV 106.3 MPH)
Bottom of the 2nd over - 1 run, 2 hits, 0 errors, 1 left on base; Tennessee 0 - Mississippi 2
TOP OF THE 3RD
Tennessee Smokies batting - Pitching for Mississippi Braves : LHP Pete McAllister
Batting: RHB Chris Rosinsky 0-0: Ball
1-0: Swinging Strike
1-1: Ball
2-1: Foul Ball, location: 2F
2-2: Ball
3-2: Fly out, F7 (Flyball, 7D, EV 100.0 MPH)
Batting: RHB John Iddings 0-0: Ball
1-0: Ball
2-0: Fly out, F8 (Flyball, 8LD, EV 95.6 MPH)
Batting: LHB Brent Dutcher 0-0: Swinging Strike
0-1: Ball
1-1: Ball
2-1: Ball
3-1: DOUBLE (Line Drive, 7LM, EV 91.9 MPH)
Batting: RHB Adam Kelliher 0-0: Ball
1-0: Called Strike
1-1: Fly out, F7 (Line Drive, 7, EV 96.9 MPH)
Top of the 3rd over - 0 runs, 1 hit, 0 errors, 1 left on base; Tennessee 0 - Mississippi 2
BOTTOM OF THE 3RD
Mississippi Braves batting - Pitching for Tennessee Smokies : RHP Michele Montella
Batting: RHB Jack Power 0-0: SINGLE (Line Drive, 4D, EV 101.3 MPH)
Batting: LHB Robby Dann 0-0: Called Strike
0-1: Grounds into double play, 4-6-3 (Groundball, 4, EV 106.9 MPH)
Batting: RHB Zachary Sidney 0-0: Called Strike
0-1: Swinging Strike
0-2: Ground out 6-3 (Groundball, 6, EV 105.6 MPH)
Bottom of the 3rd over - 0 runs, 1 hit, 0 errors, 0 left on base; Tennessee 0 - Mississippi 2
TOP OF THE 4TH
Tennessee Smokies batting - Pitching for Mississippi Braves : LHP Pete McAllister
Batting: RHB Heitaro Tanaka 0-0: Called Strike
0-1: Called Strike
0-2: SOLO HOME RUN (Flyball, 7D, EV 97.5 MPH), Distance : 372 ft
Batting: RHB Bobby Gray 0-0: Foul Ball, location: 2F
0-1: Foul Ball, location: 2F
0-2: Strikes out swinging
Batting: LHB Brian Newton 0-0: Ball
1-0: Ball
2-0: SOLO HOME RUN (Line Drive, 9LD, EV 95.6 MPH), Distance : 359 ft
Batting: RHB Heef Harted 0-0: Ball
1-0: Ball
2-0: Ball
3-0: Base on Balls
Batting: RHB Brian Warren 0-0: Ball
1-0: Called Strike
1-1: Fly out, F9 (Flyball, 9, EV 83.1 MPH)
Batting: RHB Chris Rosinsky 0-0: Ball
1-0: Ground out 4-3 (Groundball, 4, EV 101.3 MPH)
Top of the 4th over - 2 runs, 2 hits, 0 errors, 1 left on base; Tennessee 2 - Mississippi 2
BOTTOM OF THE 4TH
Mississippi Braves batting - Pitching for Tennessee Smokies : RHP Michele Montella
Batting: LHB Raul Guarjardo 0-0: Reached on error, E4 (Groundball, 4, EV 98.1 MPH)
Batting: RHB Yorkis Saiki 0-0: Ball
1-0: Ball
2-0: Ball
3-0: Called Strike
3-1: Foul Ball, location: 2F
3-2: Base on Balls
Raul Guarjardo to second
Batting: RHB Angel Guzman 0-0: Ball
1-0: Called Strike
1-1: Swinging Strike
1-2: Grounds into double play, 5-4-3 (Groundball, 56, EV 108.8 MPH)
Raul Guarjardo to third
Batting: RHB Bobby Lavole 0-0: Called Strike
0-1: Ball
1-1: Ball
2-1: Ground out 6-3 (Groundball, 6, EV 76.9 MPH)
Bottom of the 4th over - 0 runs, 0 hits, 1 error, 1 left on base; Tennessee 2 - Mississippi 2
TOP OF THE 5TH
Tennessee Smokies batting - Pitching for Mississippi Braves : LHP Pete McAllister
Batting: RHB John Iddings 0-0: Ball
1-0: Foul Ball, location: 2F
1-1: Ground out 4-3 (Groundball, 4, EV 105.0 MPH)
Pitching: RHP Jonathan Jacquez
Batting: LHB Brent Dutcher 0-0: Ball
1-0: Ball
2-0: Ground out 5-3 (Groundball, 56, EV 85.0 MPH)
Batting: RHB Adam Kelliher 0-0: Ball
1-0: Ball
2-0: Ball
3-0: Called Strike
3-1: Swinging Strike
3-2: Strikes out swinging
Top of the 5th over - 0 runs, 0 hits, 0 errors, 0 left on base; Tennessee 2 - Mississippi 2
BOTTOM OF THE 5TH
Mississippi Braves batting - Pitching for Tennessee Smokies : RHP Michele Montella
Batting: RHB Tim Nettles 0-0: Ground out 5-3 (Groundball, 5L, EV 91.9 MPH)
Batting: LHB Davey Schonewille 0-0: Swinging Strike
0-1: Ball
1-1: Ball
2-1: Foul Ball, location: 2F
2-2: Strikes out swinging
Batting: RHB Jack Power 0-0: Ball
1-0: Ball
2-0: Ground out 6-3 (Groundball, 6, EV 90.6 MPH)
Bottom of the 5th over - 0 runs, 0 hits, 0 errors, 0 left on base; Tennessee 2 - Mississippi 2
TOP OF THE 6TH
Tennessee Smokies batting - Pitching for Mississippi Braves : RHP Jonathan Jacquez
Batting: RHB Heitaro Tanaka 0-0: Foul Ball, location: 2F
0-1: Ball
1-1: Ball
2-1: Ball
3-1: Base on Balls
Batting: RHB Bobby Gray 0-0: Ball
1-0: Swinging Strike
1-1: Fly out, F8 (Flyball, 8RS, EV 98.1 MPH)
Batting: LHB Brian Newton 0-0: Swinging Strike
0-1: SINGLE (Groundball, P, EV 83.8 MPH) (infield hit)
Heitaro Tanaka to second
Pinch Runner at 1st Nick Kleckner:
Batting: RHB Heef Harted 0-0: Foul Ball, location: 2F
0-1: Ball
1-1: Ball
2-1: Foul Ball, location: 2F
2-2: Ball
3-2: Strikes out swinging
Batting: RHB Brian Warren 0-0: Ball
1-0: Swinging Strike
1-1: Called Strike
1-2: Strikes out swinging
Top of the 6th over - 0 runs, 1 hit, 0 errors, 2 left on base; Tennessee 2 - Mississippi 2
BOTTOM OF THE 6TH
Mississippi Braves batting - Pitching for Tennessee Smokies : RHP Michele Montella
DELAY Rain delay of 48 minutes in the 6th inning.
Pitching: RHP Bob Gilliam
Now in CF: Nick Kleckner
Batting: LHB Robby Dann 0-0: Ball
1-0: Ball
2-0: Ball
3-0: Called Strike
3-1: Ground out 6-3 (Groundball, 4MD, EV 84.4 MPH)
Batting: RHB Zachary Sidney 0-0: Ball
1-0: Foul Ball, location: 2F
1-1: Foul Ball, location: 2F
1-2: Strikes out swinging
Batting: LHB Raul Guarjardo 0-0: Foul Ball, location: 2F
0-1: SINGLE (Groundball, 4MD, EV 103.8 MPH)
Batting: RHB Yorkis Saiki 0-0: Ball
1-0: Foul Ball, location: 2F
1-1: Ball
Raul Guarjardo is caught stealing 2nd base 2-4
Bottom of the 6th over - 0 runs, 1 hit, 0 errors, 0 left on base; Tennessee 2 - Mississippi 2
TOP OF THE 7TH
Tennessee Smokies batting - Pitching for Mississippi Braves : RHP Jonathan Jacquez
Pitching: LHP Pete Dobbs
Batting: RHB Chris Rosinsky 0-0: Ball
1-0: Called Strike
1-1: Ball
2-1: Ball
3-1: Base on Balls
Batting: RHB John Iddings 0-0: Bunt missed!
0-1: Bunt missed!
0-2: SINGLE (Groundball, 3L, EV 94.4 MPH)
Chris Rosinsky to second
Batting: LHB Brent Dutcher 0-0: Ball
1-0: Bunt missed!
1-1: Bunted foul
1-2: Strikes out swinging
Batting: RHB Adam Kelliher 0-0: Called Strike
0-1: DOUBLE (Groundball, 5L, EV 102.5 MPH)
Chris Rosinsky scores
John Iddings to third
Batting: RHB Heitaro Tanaka 0-0: Called Strike
0-1: Ball
1-1: Foul Ball, location: 2F
1-2: Foul Ball, location: 2F
1-2: Ball
2-2: Ball
3-2: Foul Ball, location: 2F
3-2: Base on Balls
Pitching: LHP Benjamin Pater
Batting: RHB Bobby Gray 0-0: SINGLE (Flyball, 8RS, EV 85.6 MPH)
John Iddings scores
Adam Kelliher to third
Heitaro Tanaka to second
Runner from 3rd tries for Home, SAFE, throw by CF to home
Batting: RHB Nick Kleckner 0-0: Foul Ball, location: 2F
0-1: Swinging Strike
0-2: Strikes out swinging
Batting: RHB Heef Harted 0-0: Called Strike
0-1: Called Strike
0-2: Ball
1-2: SINGLE (Flyball, 8RS, EV 94.4 MPH)
Heitaro Tanaka to third
Bobby Gray to second
Runner from 3rd tries for Home, SAFE, throw by CF to home
Batting: RHB Brian Warren 0-0: Ball
1-0: Ball
2-0: Ball
3-0: Base on Balls
Bobby Gray to third
Heef Harted to second
Batting: RHB Chris Rosinsky 0-0: Ball
1-0: Swinging Strike
1-1: Foul Ball, location: 2F
1-2: Ground out 6-3 (Groundball, P, EV 85.6 MPH)
Top of the 7th over - 4 runs, 4 hits, 0 errors, 3 left on base; Tennessee 6 - Mississippi 2
BOTTOM OF THE 7TH
Mississippi Braves batting - Pitching for Tennessee Smokies : RHP Bob Gilliam
Pitching: LHP Nate George
Batting: RHB Yorkis Saiki 0-0: Called Strike
0-1: Ball
1-1: Ball
2-1: Ball
3-1: Base on Balls
Batting: RHB Angel Guzman 0-0: Called Strike
0-1: DOUBLE (Groundball, 5L, EV 101.9 MPH)
Yorkis Saiki to third
Batting: RHB Bobby Lavole 0-0: Ball
1-0: Swinging Strike
1-1: Called Strike
1-2: Foul Ball, location: 2F
1-2: Ball
2-2: Ball
3-2: Base on Balls
Batting: RHB Tim Nettles 0-0: Ball
1-0: Grounds into double play, 5-4-3 (Groundball, 56, EV 108.8 MPH)
Yorkis Saiki scores
Angel Guzman to third
Batting: LHB Davey Schonewille 0-0: SINGLE (Flyball, 6D, EV 84.4 MPH)
Angel Guzman scores
Batting: RHB Jack Power 0-0: Ball
1-0: Ball
2-0: Called Strike
2-1: Ball
Passed Ball!
Davey Schonewille to second
3-1: Base on Balls
Batting: LHB Robby Dann 0-0: Swinging Strike
0-1: Foul Ball, location: 2F
0-2: Foul Ball, location: 2F
0-2: Ball
1-2: Ball
2-2: Ground out 4-3 (Groundball, 4, EV 91.9 MPH)
Bottom of the 7th over - 2 runs, 2 hits, 0 errors, 2 left on base; Tennessee 6 - Mississippi 4
TOP OF THE 8TH
Tennessee Smokies batting - Pitching for Mississippi Braves : LHP Benjamin Pater
Batting: RHB John Iddings 0-0: Foul Ball, location: 2F
0-1: Ball
1-1: Ball
2-1: SINGLE (Groundball, 6D, EV 103.1 MPH)
Batting: LHB Brent Dutcher 0-0: Bunt missed!
0-1: Sac Bunt to 2R - play at first, batter OUT! 2-4
John Iddings to second
Batting: RHB Adam Kelliher 0-0: Ground out 6-3 (Groundball, 6, EV 100.6 MPH)
Batting: RHB Heitaro Tanaka 0-0: DOUBLE (Flyball, 78XD, EV 98.8 MPH)
John Iddings scores
Batting: RHB Bobby Gray 0-0: Intentional Walk
Batting: RHB Nick Kleckner 0-0: Ball
1-0: Swinging Strike
1-1: Ball
2-1: Foul Ball, location: 2F
2-2: Ball
3-2: Strikes out swinging
Top of the 8th over - 1 run, 2 hits, 0 errors, 2 left on base; Tennessee 7 - Mississippi 4
BOTTOM OF THE 8TH
Mississippi Braves batting - Pitching for Tennessee Smokies : LHP Nate George
Batting: RHB Zachary Sidney 0-0: Foul Ball, location: 2F
0-1: Foul Ball, location: 2F
0-2: Ball
1-2: Ground out 3-1 (Groundball, 34, EV 108.1 MPH)
Batting: LHB Raul Guarjardo 0-0: Fly out, F8 (Flyball, 8LM, EV 90.6 MPH)
Batting: RHB Yorkis Saiki 0-0: Called Strike
0-1: Ball
1-1: Ball
2-1: SINGLE (Groundball, 56D, EV 107.5 MPH)
Batting: RHB Angel Guzman 0-0: Ball
1-0: Ball
2-0: Foul Ball, location: 2F
2-1: Ball
3-1: Ground out 4-3 (Groundball, 4, EV 86.9 MPH)
Bottom of the 8th over - 0 runs, 1 hit, 0 errors, 1 left on base; Tennessee 7 - Mississippi 4
TOP OF THE 9TH
Tennessee Smokies batting - Pitching for Mississippi Braves : LHP Benjamin Pater
Pitching: RHP Scott Bentley
Batting: RHB Heef Harted 0-0: Foul Ball, location: 2F
0-1: Ball
1-1: Ball
2-1: Swinging Strike
2-2: SINGLE (Flyball, 3D, EV 93.8 MPH)
Batting: RHB Brian Warren 0-0: Called Strike
0-1: Fly out, F8 (Flyball, 89M, EV 91.3 MPH)
Batting: RHB Chris Rosinsky 0-0: Called Strike
0-1: Ball
1-1: SINGLE (Groundball, 6D, EV 93.8 MPH)
Heef Harted to second
Batting: RHB John Iddings 0-0: Ball
1-0: Called Strike
Heef Harted steals 3rd base
1-1: Foul Ball, location: 2F
1-2: Foul Ball, location: 2F
1-2: Ball
2-2: Grounds into double play, 4-6-3 (Groundball, 4S, EV 93.1 MPH)
Top of the 9th over - 0 runs, 2 hits, 0 errors, 1 left on base; Tennessee 7 - Mississippi 4
BOTTOM OF THE 9TH
Mississippi Braves batting - Pitching for Tennessee Smokies : LHP Nate George
Batting: RHB Bobby Lavole 0-0: Ball
1-0: SINGLE (Groundball, 34D, EV 95.0 MPH)
Batting: RHB Tim Nettles 0-0: Ball
1-0: SINGLE (Flyball, 7LS, EV 93.8 MPH)
Bobby Lavole to second
Batting: LHB Davey Schonewille 0-0: Ball
1-0: Called Strike
1-1: SINGLE (Line Drive, 78S, EV 95.0 MPH)
Bobby Lavole to third
Tim Nettles to second
Batting: RHB Jack Power 0-0: Swinging Strike
0-1: Ball
1-1: Foul Ball, location: 2F
1-2: Ball
2-2: Ball
3-2: Base on Balls
Bobby Lavole scores
Tim Nettles to third
Davey Schonewille to second
Batting: LHB Robby Dann 0-0: Fielders Choice at 2nd, 4-6 (Groundball, 4, EV 83.8 MPH)
Tim Nettles scores
Davey Schonewille to third
Batting: RHB Zachary Sidney 0-0: Ball
1-0: SINGLE (Groundball, 56, EV 106.3 MPH)
Davey Schonewille scores
Robby Dann to second
Batting: LHB Raul Guarjardo 0-0: Ball
1-0: Ball
2-0: Bunted foul
2-1: Bunt missed!
2-2: Fly out, F7 (Flyball, 7S, EV 80.0 MPH)
Pitching: LHP Rich Ranaldi
Batting: RHB Yorkis Saiki 0-0: Swinging Strike
0-1: Ball
1-1: Foul Ball, location: 2F
1-2: SINGLE (Flyball, 9S, EV 86.9 MPH)
Robby Dann to third
Zachary Sidney to second
Runner from 3rd tries for Home, SAFE, throw by RF to home
Bottom of the 9th over - 4 runs, 5 hits, 0 errors, 0 left on base; Tennessee 7 - Mississippi 8
Game Over ... Mississippi defeats Tennessee, 8 to 7
Thursday, March 31st , 2022 - OOTP Baseball 22.12 Build 89